 Dungeon Crawl Stone Soup version 0.27.0 (webtiles) character file.

Game seed: 8375353452337727490

3896 Raultor the Grappler (level 10, -7/53 HPs)
             Began as a Vine Stalker Fighter on July 31, 2021.
             Was a Priest of Zin.
             Mangled by a hornet (8 damage)
             ... on level 7 of the Dungeon.
             The game lasted 00:13:45 (5784 turns).

Raultor the Grappler (Vine Stalker Fighter)         Turns: 5784, Time: 00:13:46

Health: -7/53      AC: 11    Str: 21    XL:     10   Next: 20%
Magic:  0/16       EV:  7    Int:  9    God:    Zin [***...]
Gold:   266        SH: 10    Dex: 14    Spells: 9/9 levels left

rFire    + + .     SeeInvis .     - Unarmed
rCold    + . .     Faith    .   b - +0 kite shield
rNeg     . . .     Spirit   +   a - +0 scale mail
rPois    .         Reflect  .   x - +2 helmet
rElec    .         Harm     .   e - scarf {rC+ rF+}
rCorr    .         Rampage  .   j - +0 pair of gloves
Will     +....                  o - +0 pair of boots
Stlth    ..........             (no amulet)
HPRegen  1.17/turn              F - ring of protection from fire
MPRegen  0.15/turn              (no ring)

@: lethally poisoned (-7 -> -7), slowed, very slow
A: fangs 3, regeneration 1, magic shield, antimagic bite, no potion heal 2
a: Renounce Religion, Recite, Vitalisation, Imprison, Donate Gold


You were on level 7 of the Dungeon.
You worshipped Zin.
Zin was most pleased with you.
You visited 2 branches of the dungeon, and saw 8 of its levels.
You also visited: Ossuary.

You collected 295 gold pieces.
You donated 29 gold pieces to Zin.


Innate Abilities, Weirdness & Mutations

You have razor-sharp teeth.
Your natural rate of healing is unusually fast.
When hurt, damage is shared between your health and your magic reserves.
Your bite disrupts and absorbs the magic of your enemies.
Potions cannot restore your health.


   Skills:
 + Level 5.7 Fighting
 - Level 2.4 Armour
 + Level 5.7 Shields
 * Level 9.4 Unarmed Combat
 * Level 7.8 Invocations


You had 9 spell levels left.
You didn't know any spells.
Your spell library contained the following spells:

 Spells                   Type           Power      Damage    Failure   Level
 Animate Skeleton         Necr           0%         N/A       98%         1
 Apportation              Tloc           0%         N/A       98%         1
 Corona                   Hex            0%         N/A       98%         1
 Summon Small Mammal      Summ           0%         N/A       98%         1
 Static Discharge         Conj/Air       0%         N/A       99%         2
 Ozocubu's Armour         Ice            0%         N/A       100%        3
 Dispel Undead            Necr           0%         3d6       100%        4
 Sticky Flame             Conj/Fire      0%         2d3       100%        4
 Metabolic Englaciation   Hex/Ice        0%         N/A       100%        5
 Simulacrum               Ice/Necr       0%         N/A       100%        6
 Chain Lightning          Conj/Air       0%         N/A       100%        9
 Fire Storm               Conj/Fire      0%         5d1       100%        9

Inventory:

Armour
 a - a +0 scale mail (worn)
 b - a +0 kite shield (worn)
 e - a scarf of resistance (worn)
 j - a +0 pair of gloves (worn)
 o - a +0 pair of boots (worn)
 r - a +0 chain mail
 x - a +2 helmet (worn)
Jewellery
 F - a ring of protection from fire (left hand)
Wands
 u - a wand of iceblast (11)
Scrolls
 d - a scroll of brand weapon {unknown}
 f - a scroll of blinking {unknown}
 g - 2 scrolls of immolation {unknown}
 h - a scroll of vulnerability {unknown}
 m - 2 scrolls of amnesia {unknown}
 n - 2 scrolls of holy word {unknown}
 p - 4 scrolls of enchant armour {unknown}
 q - 6 scrolls of identify {unknown}
 s - a scroll of magic mapping {unknown}
 t - a scroll of acquirement {unknown}
 w - a scroll of enchant weapon {unknown}
 y - 2 scrolls of noise {unknown}
 C - a scroll of teleportation {unknown}
Potions
 c - a potion of might
 i - a potion of invisibility {unknown}
 k - 2 potions of resistance {unknown}
 l - 2 potions of ambrosia {unknown}
 v - 2 potions of lignification {unknown}
 z - a potion of degeneration {unknown}
 A - 3 potions of attraction
 B - 2 potions of haste {unknown}
 D - a potion of brilliance {unknown}
 E - a potion of magic {unknown}
 G - 2 potions of mutation {unknown}
 H - 3 potions of flight {unknown}
 I - 2 potions of heal wounds {unknown}

Dungeon Overview and Level Annotations

Branches:
Dungeon (7/15)             Temple (1/1) D:4         Ossuary (visited)

Altars:
Ashenzari
Elyvilon
Fedhas
Hepliaklqana
Sif Muna
Trog
Uskayaw
Vehumet
Zin

#########
......y.#
#..▒▒▒▒▒▒▒▒▒@#
#.▒.........▒#
..▒.≈≈≈§§≈≈.▒
#.▒≈..§§§.§§▒
#.▒≈.≈.§§≈.≈▒
#.▒≈.≈§⚑§§§≈▒
#.▒≈.§§§§≈§§▒
#.▒≈.§§§§.§§▒
###.▒.§≈≈§§§≈.▒


You could see a hornet.


Message History

The hornet is heavily wounded.
The hornet closely misses you. The hornet stings you!
* * * LOW HITPOINT WARNING * * *
You are poisoned.
You feel as though you will be slow longer.
The hornet stings you.
* * * LOW HITPOINT WARNING * * *
You feel as though you will be slow longer.
You hit the hornet. Your bite misses the hornet.
The hornet is severely wounded.
* * * LOW HITPOINT WARNING * * *
You feel very sick. You block the hornet's attack.
The hornet stings you but does no damage.
You barely miss the hornet.
The hornet is severely wounded.
You feel sick. You block the hornet's attack.
The hornet stings you but does no damage.
You completely miss the hornet. Your bite misses the hornet.
The hornet is severely wounded.
* * * LOW HITPOINT WARNING * * *
You feel sick. The hornet barely misses you.
The hornet stings you but does no damage.
The hornet completely misses you.
You hit the hornet but do no damage. Your bite misses the hornet.
The hornet is severely wounded.
You feel sick.
The hornet stings you but does no damage.
The hornet stings you!
You die...

Skill      XL: |  1  2  3  4  5  6  7  8  9 |
---------------+----------------------------+-----
Unarmed Combat | 3 4 5 6 7 9 |  9.4
Fighting       | 3 4 5 |  5.7
Shields        | 3 4 5 |  5.7
Invocations    | 3 4 5 7 |  7.8
Armour         | |  2.4

Action                   |  1- 3 |  4- 6 |  7- 9 | 10-12 || total
-------------------------+-------+-------+-------+-------++-------
Melee: Unarmed           |   166 |    92 |   391 |    50 ||   699
       Bite              |    38 |    33 |   151 |    13 ||   235
Invok: Recite            |       |       |     3 |     1 ||     4
  Use: Potion            |       |       |     3 |       ||     3
 Stab: Invisible         |       |       |     1 |       ||     1
Armor: Scale mail        |    91 |    41 |   137 |    17 ||   286
Dodge: Dodged            |    67 |    20 |    92 |    15 ||   194
Block: Kite shield       |    96 |    40 |   197 |    20 ||   353

Levels and vault maps discovered:
D:1:      zaba_arrival_water, layout_basic,
          hellmonk_ecumenical_altar_heavens_door, minmay_stone_trees_small
D:2:      layout_basic, basic_altar
D:3:      layout_loops_cross, minivault_25
D:4:      kennysheep_the_goblin_king, layout_rooms,
          mainiacjoe_overflow_chevrons, minmay_temple_entry_gardened_gates,
          uniq_duvessa, uniq_pikel
D:5:      layout_loops_ring, portal_sewer_entry_a, nicolae_ossuary_entry_ruins,
          kennysheep_generic_room_14
D:6:      layout_basic, grunt_potential, uniq_prince_ribbit1
D:7:      minmay_bubble_buster, layout_loops_ring, mainiacjoe_overflow_paths,
          doesnt_xom_only_xom, old_standard_altar, led_sif_pool, serial_shops,
          shop, uniq_harold
Temple:   eino_temple_rhombus

Notes
Turn   | Place    | Note
-------+----------+-------------------------------------------
     0 | D:1      | Raultor the Vine Stalker Fighter began the quest for the
                  | Orb.
     0 | D:1      | Reached XP level 1. HP: 11/11 MP: 2/2
    75 | D:1      | You fall into a shaft and drop 1 floor!
   203 | D:2      | Reached XP level 2. HP: 13/16 MP: 3/3
   419 | D:2      | Identified a scarf of resistance
   450 | D:2      | Found a radiant altar of Vehumet.
   648 | D:2      | Reached skill level 3 in Unarmed Combat
   887 | D:1      | Reached XP level 3. HP: 10/19 MP: 4/4
  1273 | D:1      | Found a faded altar of an unknown god.
  1691 | D:1      | Reached skill level 4 in Unarmed Combat
  2208 | D:2      | Gained mutation: Your natural rate of healing is unusually
                  | fast. [Vine Stalker growth]
  2208 | D:2      | Reached XP level 4. HP: 23/23 MP: 5/5
  2934 | D:3      | Reached skill level 5 in Unarmed Combat
  2937 | D:3      | Reached XP level 5. HP: 26/27 MP: 4/6
  3044 | D:4      | Noticed Duvessa
  3105 | D:4      | Found a staircase to the Ecumenical Temple.
  3122 | Temple   | Entered the Ecumenical Temple
  3128 | Temple   | Became a worshipper of Zin the Law-Giver
  3128 | Temple   | Reached * piety under Zin
  3171 | D:4      | Noticed a lemure
  3172 | D:4      | Noticed Pikel
  3176 | D:4      | Noticed a lemure
  3191 | D:4      | Noticed a lemure
  3245 | D:3      | Killed Pikel
  3246 | D:3      | Reached skill level 3 in Fighting
  3246 | D:3      | Reached skill level 3 in Shields
  3246 | D:3      | Reached skill level 6 in Unarmed Combat
  3246 | D:3      | Reached skill level 3 in Invocations
  3246 | D:3      | Reached XP level 6. HP: 31/32 MP: 5/9
  3246 | D:3      | Reached XP level 7. HP: 35/36 MP: 5/10
  3299 | D:4      | Found a bloodstained altar of Trog.
  3364 | D:4      | Noticed Dowan
  3370 | D:4      | Killed Duvessa
  3392 | D:4      | Killed Dowan
  3404 | D:4      | Reached skill level 4 in Invocations
  3404 | D:4      | Gained mutation: You have razor-sharp teeth. [Vine Stalker
                  | growth]
  3404 | D:4      | Reached XP level 8. HP: 41/42 MP: 10/12
  3628 | D:4      | Noticed Ijyb
  3654 | D:4      | Killed Ijyb
  3686 | D:4      | Reached skill level 4 in Fighting
  3686 | D:4      | Reached skill level 4 in Shields
  3892 | D:5      | Entered Level 5 of the Dungeon
  3965 | D:5      | Reached skill level 7 in Unarmed Combat
  4080 | D:5      | Reached skill level 5 in Invocations
  4183 | D:5      | Reached ** piety under Zin
  4208 | D:5      | Found a sand-covered staircase.
  4216 | Ossuary  | Entered an ossuary
  4361 | Ossuary  | Reached XP level 9. HP: 18/46 MP: 10/14
  4443 | Ossuary  | Reached skill level 6 in Invocations
  4449 | Ossuary  | Reached skill level 8 in Unarmed Combat
  4670 | D:5      | Reached skill level 5 in Shields
  4703 | D:5      | Reached skill level 5 in Fighting
  4804 | D:5      | Reached *** piety under Zin
  5223 | D:6      | Noticed a manticore
  5223 | D:6      | Noticed Prince Ribbit
  5257 | D:7      | Reached skill level 7 in Invocations
  5262 | D:7      | Killed Prince Ribbit
  5263 | D:7      | Reached skill level 9 in Unarmed Combat
  5361 | D:6      | HP: 2/47 [manticore (5)]
  5362 | D:6      | Killed a manticore
  5363 | D:6      | Reached XP level 10. HP: 3/51 MP: 1/16
  5725 | D:7      | Found a white marble altar of Elyvilon.
  5748 | D:7      | Found a shimmering blue altar of Sif Muna.
  5772 | D:7      | Paralysed by a hornet for 3 turns
  5778 | D:7      | Paralysed by a hornet for 1 turns
  5780 | D:7      | HP: 5/53 [hornet (3)]
  5781 | D:7      | HP: 2/53 [poisoned by a hornet]
  5784 | D:7      | Mangled by a hornet

Vanquished Creatures
  Pikel (D:3)
  A manticore (D:6)
  Prince Ribbit (D:7)
  A steam dragon (D:6)
  A water moccasin (D:7)
  Duvessa (D:4)
  An ice beast (D:7)
  A centaur (D:7)
  2 ogres (D:4)
  3 phantoms (D:5)
  A bullfrog (D:6)
  A gnoll sergeant (D:5)
  12 scorpions
  Dowan (D:4)
  A wyvern skeleton (D:6)
  A water moccasin skeleton (D:5)
  A howler monkey (D:4)
  2 centaur zombies (Ossuary)
  A bullfrog zombie (D:6)
  2 human zombies (Ossuary)
  3 hounds
  A jelly (D:6)
  3 bullfrog skeletons
  2 orc priests (D:5)
  2 centaur skeletons
  Ijyb (D:4)
  3 orc wizards
  An iguana (D:5)
  6 scorpion zombies (Ossuary)
  A hound skeleton (D:5)
  3 mummies (Ossuary)
  4 gnolls (D:5)
  A howler monkey skeleton (D:6)
  5 adders
  A shadow imp (D:7)
  2 ufetubi (D:6)
  3 dart slugs
  12 orcs
  8 bats
  7 endoplasms
  7 giant cockroaches
  2 gnoll zombies (Ossuary)
  11 goblins
  4 hobgoblins
  9 jackals
  3 quokkas
  4 ball pythons
  4 frilled lizards
  A goblin zombie (Ossuary)
  2 hobgoblin zombies (Ossuary)
  10 kobolds
  2 kobold zombies (Ossuary)
  An orc zombie (Ossuary)
  9 rats
174 creatures vanquished.

Table legend: (Time is in decaauts)
 A = Elapsed time spent in this place.
 B = Non-inter-level travel time spent in this place.
 C = Inter-level travel time spent in this place.
 D = Time resting spent in this place.
 E = Time spent auto-exploring this place.
 F = Levels seen in this place.
 G = Mean time per level.
                   A        B        C        D        E       F      G
               +--------+--------+--------+--------+--------+-----+--------+
         Total |   5877 |   5655 |    222 |      0 |   3976 |   9 |  653.0 |
       Dungeon |   5433 |   5216 |    217 |      0 |   3792 |   7 |  776.1 |
        Temple |     12 |      7 |      5 |      0 |      2 |   1 |   12.0 |
       Ossuary |    432 |    432 |      0 |      0 |    182 |   1 |  432.0 |
               +--------+--------+--------+--------+--------+-----+--------+

Top non-repeatable levels by time:
     D:1: 1510 daAuts
     D:2: 888 daAuts
     D:3: 799 daAuts
     D:4: 746 daAuts
     D:5: 694 daAuts
     D:6: 595 daAuts
 Ossuary: 432 daAuts
     D:7: 199 daAuts
  Temple: 12 daAuts

Table legend:
 A = Non-vault XP
 B = Vault XP
 C = Vault XP percentage of total XP
 D = Non-vault monster count
 E = Vault monster count
 F = Vault count percentage of total count
                 A         B        C        D         E       F
            +---------+---------+-------+---------+---------+-------
      Total |    2428 |    3139 |  56.4 |     118 |      56 |  32.2
            +---------+---------+-------+---------+---------+-------
        D:1 |      62 |       0 |   0.0 |      36 |       0 |   0.0
        D:2 |      62 |       0 |   0.0 |      14 |       0 |   0.0
        D:3 |      42 |     586 |  93.3 |      18 |       1 |   5.3
        D:4 |     428 |     274 |  39.0 |      11 |       9 |  45.0
        D:5 |     924 |       6 |   0.6 |      19 |       3 |  13.6
        D:6 |     654 |     753 |  53.5 |      17 |      12 |  41.4
        D:7 |     256 |     415 |  61.8 |       3 |       2 |  40.0
    Ossuary |       0 |    1105 | 100.0 |       0 |      29 | 100.0
            +---------+---------+-------+---------+---------+-------
